Match 46911860
Unlisted

Match 46911860
End
Kradschützen Motorcycle Team
Panzergrenadier Squad
Panzergrenadier Squad
Panzerpioneer Squad
Construct Light Support Kompanie
Fire Support Elements
Kradschützen Motorcycle Team
Panzerjäger Mechanized Group
Flakvierling Half-track
2.5-tonne Medical Truck
Veteran Squad Leaders
Vehicle Survival Package
Construct Panzerarmee Kommand
Selects Panzerjäger Kommand Battlegroup
Selects Mine Fields
Selects Defensive Positions
Selects Tank Busters
Selects Crew Shock Tactics
Panzer III L Medium Tank
Selects Anti-tank Overwatch
Armored Reserves
Pak 38 Anti-tank Gun Team
Emergency Repair Kits
Pak 38 Anti-tank Gun Team
Selects Butterfly Bomb Drop
Tiger Heavy Tank
Anti-tank Overwatch
Panzer III L Medium Tank
Anti-tank Overwatch
Rapid Advance
Panzer IV Assault Group
Tungsten Core Ammunition
JohnThicc
DrewP
0
0

Comments sign in to comment!

No comments posted yet!